 Dungeon Crawl Stone Soup version 0.29.1-1-gd02db6906a (webtiles) character file.

Game seed: 9312862751239278139

10 masschaos23 the Trooper (level 2, -1/27 HPs)
             Began as a Hill Orc Fighter on Sept 15, 2022.
             Slain by a rat (2 damage)
             ... on level 1 of the Dungeon.
             The game lasted 00:00:19 (106 turns).

masschaos23 the Trooper (Hill Orc Fighter)           Turns: 106, Time: 00:00:19

Health: -1/27      AC:  8    Str: 18    XL:     2   Next: 20%
Magic:  2/2        EV:  9    Int:  8    God:
Gold:   17         SH:  4    Dex: 10    Spells: 1/1 levels left

rFire   . . .      SeeInvis .   a - +0 war axe
rCold   . . .      Faith    .   c - +0 buckler
rNeg    . . .      Spirit   .   b - +0 scale mail
rPois   .          Reflect  .   (no helmet)
rElec   .          Harm     .   (no cloak)
rCorr   .          Rampage  .   (no gloves)
Will    .....                   e - +0 pair of boots
Stlth   ..........              (no amulet)
HPRegen 0.09/turn               (no ring)
MPRegen 0.08/turn               (no ring)

@: no status effects
A: no striking features
a: no special abilities


You were on level 1 of the Dungeon.
You visited 1 branch of the dungeon, and saw 1 of its levels.

You collected 17 gold pieces.

Inventory:

Hand Weapons
 a - a +0 war axe (weapon)
Armour
 b - a +0 scale mail (worn)
 c - a +0 buckler (worn)
 e - a +0 pair of boots (worn)
Scrolls
 f - a scroll of amnesia {unknown}
Potions
 d - a potion of might


   Skills:
 + Level 3.8 Fighting
 + Level 2.8 Axes
 + Level 3.4 Armour
 + Level 3.6 Shields


You had one spell level left.
You didn't know any spells.
Your spell library was empty.

Dungeon Overview and Level Annotations

Branches:
Dungeon (1/15)

Altars:


Message History

The gnoll shouts!
The rat twitches its whiskers.
The goblin barely misses you.
You barely miss the goblin. The goblin closely misses you.
The goblin hits you but does no damage.
You hit the goblin.
You kill the goblin!
You slash the goblin!
You kill the goblin!
You barely miss the rat. You hit the hobgoblin. The hobgoblin hits you.
The rat closely misses you.
You slash the hobgoblin!
You kill the hobgoblin!
You barely miss the rat. You hit the rat.
You kill the rat!
The rat bites you but does no damage. x2; The gnoll barely misses you.
The endoplasm closely misses you.
You have reached level 2!
You closely miss the gnoll. You barely miss the endoplasm.
You closely miss the rat. The gnoll hits you with a +0 club.
The endoplasm freezes you.
You are frozen.
You block the rat's attack.
You barely miss the gnoll. You hit the endoplasm. You closely miss the rat.
You hit the rat but do no damage. You slash the dart slug!
You kill the dart slug!
You block the rat's attack. The gnoll hits you with a +0 club.
You block the endoplasm's attack. The rat closely misses you.
You barely miss the gnoll. You hit the rat. You closely miss the rat.
You hit the endoplasm. The rat bites you but does no damage.
The endoplasm freezes you.
You are frozen.
The gnoll hits you with a +0 club.
* * * LOW HITPOINT WARNING * * *
You block the rat's attack. The endoplasm freezes you.
You are frozen.
* * * LOW HITPOINT WARNING * * *
You block the gnoll's attack. The rat barely misses you.
The rat bites you but does no damage. The rat attacks as you move away!
The rat bites you.
You die...

###.....#.##
#..........#
.......>...#
...........#
...........# #
...........###.#
......Jr†....#.#
......g@.......# .
......r.....##..###...##
...........####..##...#.
..............##..##..#.
.....#..#####.....#.....
#?##.#.## ####........ #
# #. #........ ..
#......#. #.[ ##......#.


You could see a gnoll, an endoplasm and 2 rats.

Vanquished Creatures
  A dart slug (D:1)
  A ball python (D:1)
  2 goblins (D:1)
  2 hobgoblins (D:1)
  A rat (D:1)
7 creatures vanquished.

Notes
Turn   | Place    | Note
-------+----------+-------------------------------------------
     0 | D:1      | masschaos23 the Hill Orc Fighter began the quest for the
                  | Orb.
     0 | D:1      | Reached XP level 1. HP: 19/19 MP: 1/1
   103 | D:1      | Reached XP level 2. HP: 23/27 MP: 2/2
   105 | D:1      | HP: 1/27 [frozen (5)]
   106 | D:1      | Slain by a rat

Illustrated notes

Levels and vault maps discovered:
D:1:      minmay_arrival_open_corners, layout_rooms,
          dilly_ecumenical_altar_fadedgnrine

Action                   || total
-------------------------++-------
Melee: War axe           ||    13
Armor: Scale mail        ||     6
Dodge: Dodged            ||    12
Block: Buckler           ||     7
